 Dungeon Crawl Stone Soup version 0.17.0-23-g0de4337 (console) character file.

49 Kloppie the Digger (level 3, -1/22 HPs)
             Began as a Gargoyle Earth Elementalist on Nov 14, 2015.
             Slain by a gnoll
             ... wielding a +0 flail
              (7 damage)
             ... on level 2 of the Dungeon.
             The game lasted 00:03:28 (1811 turns).

Kloppie the Digger (Gargoyle Earth Elementalist)    Turns: 1811, Time: 00:03:28

Health: -1/22      AC:  5    Str: 11    XL:     3   Next: 77%
Magic:  1/6        EV: 12    Int: 16    God:
Gold:   30         SH:  0    Dex: 10    Spells: 2 memorised, 3 levels left

rFire  . . .     SeeInvis .     a - +0 club
rCold  . . .     Clarity  .     f - +0 robe
rNeg   + . .     SustAt   .     (no shield)
rPois  ∞         Gourm    .     (no helmet)
rElec  +         Spirit   .     (no cloak)
rCorr  .         Warding  .     (no gloves)
rMut   .         Stasis   .     (no boots)
MR     .....                    (no amulet)
Stlth  ++........               (no ring)
                                (no ring)

@: not resistant to hostile enchantments, unstealthy
A: negative energy resistance 1, electricity resistance, unbreathing,
petrification resistance, rot immunity, AC +3
a: no special abilities


You were on level 2 of the Dungeon.
You were hungry.

You visited 1 branch of the dungeon, and saw 2 of its levels.

You collected 30 gold pieces.

Inventory:

Hand Weapons
 a - a +0 club (weapon)
Missiles
 b - 17 stones (quivered)
Armour
 f - a +0 robe (worn)
Scrolls
 e - 2 scrolls of magic mapping {unknown}
 g - 2 scrolls of identify {unknown}
 k - a scroll of enchant armour {unknown}
Potions
 i - a potion of lignification {unknown}
 l - a potion of agility {unknown}
Books
 c - a book of Geomancy

   Spells                             Type                      Level
   a - Sandblast                      Earth                        1
   b - Stoneskin                      Transmutation/Earth          2
   c - Passwall                       Transmutation/Earth          3
   d - Stone Arrow                    Conjuration/Earth            3
   e - Petrify                        Transmutation/Earth          4
   f - Lee's Rapid Deconstruction     Earth                        5
Comestibles
 d - a bread ration
 h - a royal jelly
 j - a beef jerky


   Skills:
 + Level 2.5 Fighting
 - Level 1.5 Dodging
 - Level 2.1 Stealth
 - Level 2.0 Spellcasting
 - Level 0.7 Transmutations
 + Level 4.5 Earth Magic


You had 3 spell levels left.
You knew the following spells:

 Your Spells              Type           Power        Failure   Level  Hunger
a - Sandblast             Erth           ###...       3%          1    #......
b - Stoneskin             Trmt/Erth      ##......     12%         2    ###....


Dungeon Overview and Level Annotations

Branches:
Dungeon (2/15)

Altars:


Innate Abilities, Weirdness & Mutations

You are resistant to torment.
Your stone body is resilient (AC +3).
You are immune to poison.
You resist negative energy.
You are resistant to electric shocks.
You can survive without breathing.
You are immune to petrification.
You are immune to rotting.


Message History

a - a +0 club (weapon)
You hit the gnoll but do no damage.
The gnoll is almost dead.
The gnoll barely misses you. x2
You hit the gnoll but do no damage.
The gnoll is almost dead.
The gnoll closely misses you.
You hit the gnoll but do no damage.
The gnoll is almost dead.
The gnoll misses you.
You hit the gnoll but do no damage.
The gnoll is almost dead.
The gnoll barely misses you.
You hit the gnoll but do no damage.
The gnoll is almost dead.
The gnoll hits you but does no damage.
You hit the gnoll but do no damage.
The gnoll is almost dead.
The gnoll hits you with a flail!
You die...

§§ ♣♣.♣
♣.♣♣.♣#+#
♣♣§♣♣..♣##.##
.......♣.#)%.
♣♣#
P..♣♣♣♣P.##.#
♣.# .
♣.......#'# ..#
...♣♣♣.♣♣.#♣♣♣.#
. ♣.♣....g♣)#
♣.P.♣..P♣@.#####
♣.♣...♣♣♣P§....#
♣P.♣♣.. ♣P####.#


♣PPP .♣. ♣§. ..P .. . §.♣ .♣..P♣ ..♣.♣ ♣.. ♣♣♣♣P . You could see a gnoll.

Vanquished Creatures
  A gnoll (D:2)
  A river rat (D:2)
  An ooze (D:2)
  An orc (D:1)
  A giant cockroach (D:1)
  A goblin (D:1)
  2 hobgoblins (D:1)
  2 jackals (D:1)
  2 kobolds (D:1)
  3 bats (D:1)
  13 rats (D:1)
28 creatures vanquished.

Vanquished Creatures (others)
  A goblin (D:1)
  A giant newt (D:1)
2 creatures vanquished.

Grand Total: 30 creatures vanquished

Notes
Turn   | Place    | Note
--------------------------------------------------------------
     0 | D:1      | Kloppie the Gargoyle Earth Elementalist began the quest for the Orb.
     0 | D:1      | Reached XP level 1. HP: 10/10 MP: 3/3
    51 | D:1      | Reached skill level 1 in Fighting
   216 | D:1      | Reached XP level 2. HP: 14/16 MP: 3/5
   387 | D:1      | Learned a level 2 spell: Stoneskin
   418 | D:1      | Reached skill level 4 in Earth Magic
  1525 | D:1      | Reached XP level 3. HP: 18/21 MP: 6/6
  1811 | D:2      | Slain by a gnoll

Action                   || total
-------------------------++-------
Melee: Unarmed           ||    33
       Club              ||    75
 Cast: Sandblast         ||    32
 Stab: Sleeping          ||     2
  Eat: Chunk             ||     3
